 Dungeon Crawl Stone Soup version 0.23.2-33-g5129a83184 (webtiles) character file.

Game seed: 11576392187128486195

7 Folque the Chiller (level 1, 0/15 HPs)
             Began as a Draconian Ice Elementalist on July 7, 2019.
             Slain by a hobgoblin
             ... wielding a +0 club
              (5 damage)
             ... on level 1 of the Dungeon.
             The game lasted 00:01:10 (129 turns).

Folque the Chiller (Draconian Ice Elementalist)      Turns: 129, Time: 00:01:11

Health: 0/15       AC:  4    Str: 10    XL:     1   Next: 91%
Magic:  1/3        EV: 12    Int: 15    God:
Gold:   27         SH:  0    Dex: 11    Spells: 3/4 levels left

rFire    . . .     SeeInvis .   a - +0 dagger
rCold    . . .     Gourm    .   (no shield)
rNeg     . . .     Faith    .   (armour unavailable)
rPois    .         Spirit   .   (helmet restricted)
rElec    .         Reflect  .   (no cloak)
rCorr    .         Harm     .   (no gloves)
MR       .....                  (no boots)
Stlth    ++........             (no amulet)
HPRegen  0.05/turn              (no ring)
MPRegen  0.08/turn              (no ring)

@: no status effects
A: unfitting armour, cold-blooded, AC +4
a: no special abilities


You were on level 1 of the Dungeon.
You were not hungry.

You visited 1 branch of the dungeon, and saw 1 of its levels.

You collected 27 gold pieces.

Inventory:

Hand Weapons
 a - a +0 dagger (weapon)
Scrolls
 d - a scroll of teleportation {unknown}
Comestibles
 b - a ration
 c - 3 chunks of flesh


   Skills:
 + Level 0.6 Fighting
 - Level 1.7 Dodging
 - Level 1.7 Stealth
 * Level 2.3 Spellcasting
   Level 1.0 Conjurations
 + Level 3.1 Ice Magic


You had 3 spell levels left.
You knew the following spells:

 Your Spells              Type           Power        Failure   Level  Hunger
a - Freeze                Ice            ##..         6%          1    #......

Your spell library contained the following spells:

 Spells                   Type           Power        Failure   Level  Hunger
 Throw Frost              Conj/Ice       #.....       14%         2    ###....
 Ozocubu's Armour         Chrm/Ice       #.......     34%         3    ###....
 Throw Icicle             Conj/Ice       #.......     67%         4    #####..
 Summon Ice Beast         Ice/Summ       #.......     75%         4    #####..


Dungeon Overview and Level Annotations

Branches:
Dungeon (1/15)

Altars:


Innate Abilities, Weirdness & Mutations

Your plain brown scales are hard. (AC +4)
You cannot fit into any form of body armour.
You are cold-blooded and may be slowed by cold attacks.


Message History

Aim: a goblin You freeze the goblin.
The goblin is moderately wounded.
The goblin closely misses you.
You hit the goblin.
The goblin is heavily wounded.
The goblin barely misses you.
Casting: Freeze (safe; 6% risk of failure)
Confirm with . or Enter, or press ? or * to list all spells.
Aiming: Freeze (safe; 6% risk of failure)
Press: ? - help, Shift-Dir - straight line, f/p - goblin
Aim: a goblin (heavily wounded)
You freeze the goblin.
The goblin is severely wounded.
The goblin barely misses you.
The hobgoblin hits you but does no damage.
You hit the goblin.
You kill the goblin!
You hit the hobgoblin but do no damage. The hobgoblin hits you with a +0 club.
You die...

#.#...##.## ...♣≈≈
+########+........#####..≈≈≈P
...............÷.........P≈≈P
##...##.............#.##.≈♣≈≈
.............####...#.# ≈♣P≈
....................#.###P≈≈≈
....................#....♣≈≈≈
>.......####†g......####.≈PPP
......... #@............≈♣PP
.......... #.............♣♣ ≈
..........##..............♣
..........##).............♣
..........##.......####...♣♣
..........##.......####...≈♣
...................≈♣
..........#.###...#♣♣
........###'###...#


You could see a hobgoblin.

Vanquished Creatures
  A leopard gecko (D:1)
  3 goblins (D:1)
  A bat (D:1)
  A frilled lizard (D:1)
6 creatures vanquished.

Notes
Turn   | Place    | Note
-------+----------+-------------------------------------------
     0 | D:1      | Folque the Draconian Ice Elementalist began the quest for
                  | the Orb.
     0 | D:1      | Reached XP level 1. HP: 14/14 MP: 3/3
     3 | D:1      | Noticed a draconian
     3 | D:1      | Noticed an octopode
     5 | D:1      | Noticed a felid
     5 | D:1      | Noticed a vampire
     7 | D:1      | Noticed a demonspawn
     7 | D:1      | Noticed a gargoyle
     9 | D:1      | Noticed a halfling
     9 | D:1      | Noticed a ghoul
    11 | D:1      | Noticed a spriggan
    13 | D:1      | Noticed a dwarf
    15 | D:1      | Noticed a merfolk
    15 | D:1      | Noticed a formicid
    33 | D:1      | Noticed an elf
    35 | D:1      | Noticed a tengu
    35 | D:1      | Noticed a troll
    37 | D:1      | Noticed a centaur
    37 | D:1      | Noticed a naga
    39 | D:1      | Noticed a human
    41 | D:1      | Noticed a vine stalker
    41 | D:1      | Noticed an ogre
    43 | D:1      | Noticed a demigod
    43 | D:1      | Noticed a minotaur
   129 | D:1      | Slain by a hobgoblin

Action                   || total
-------------------------++-------
Melee: Dagger            ||    18
       Unarmed           ||     6
       Tailslap          ||     3
 Cast: Freeze            ||     3
Armor: Skin              ||    10
Dodge: Dodged            ||    17
